 Dungeon Crawl Stone Soup version 0.23.2-40-g277498a001 (webtiles) character file.

Game seed: 10355695244856179209

94 Martska the Ducker (level 4, -1/33 HPs)
             Began as a Merfolk Ice Elementalist on Sept 30, 2019.
             Was an Initiate of Yredelemnul.
             Killed by divine providence
             ... invoked by an orc priest
              (12 damage)
             ... on level 3 of the Dungeon.
             The game lasted 00:18:15 (3628 turns).

Martska the Ducker (Merfolk Ice Elementalist)       Turns: 3628, Time: 00:18:19

Health: -1/33      AC:  3    Str:  8    XL:     4   Next: 63%
Magic:  2/7        EV: 13    Int: 14    God:    Yredelemnul [......]
Gold:   34         SH:  0    Dex: 15    Spells: 1/7 levels left

rFire    . . .     SeeInvis .   b - +0 club
rCold    . . .     Gourm    .   (no shield)
rNeg     . . .     Faith    .   p - +0 leather armour
rPois    .         Spirit   .   (no helmet)
rElec    .         Reflect  .   (no cloak)
rCorr    .         Harm     .   (no gloves)
MR       .....                  (no boots)
Stlth    ++........             (no amulet)
HPRegen  0.11/turn              (no ring)
MPRegen  0.10/turn              (no ring)

@: very slightly contaminated
A: change form in water, swift swim, stealthy swim
a: Renounce Religion


You were on level 3 of the Dungeon.
You worshipped Yredelemnul.
Yredelemnul was noncommittal.
You were hungry.

You visited 1 branch of the dungeon, and saw 3 of its levels.

You collected 34 gold pieces.

Inventory:

Hand Weapons
 b - a +0 club (weapon)
 h - a +0 short sword of draining
Armour
 a - a +0 robe
 e - a +0 helmet
 p - a +0 leather armour (worn)
Scrolls
 d - a scroll of teleportation {unknown}
 g - a scroll of blinking {unknown}
 i - a scroll of magic mapping {unknown}
 l - a scroll of amnesia {unknown}
 m - a scroll of identify {unknown}
 n - a scroll of enchant weapon {unknown}
Potions
 f - a potion of resistance {unknown}
 j - 2 potions of agility {unknown}
 k - a potion of heal wounds {unknown}
 o - a potion of berserk rage {unknown}
Comestibles
 c - 3 rations


   Skills:
 * Level 2.0 Fighting
 * Level 3.8 Dodging
 + Level 2.9 Stealth
 + Level 2.4 Spellcasting
 - Level 0.7 Conjurations
 * Level 1.2 Charms
 + Level 3.6 Ice Magic


You had one spell level left.
You knew the following spells:

 Your Spells              Type           Power        Failure   Level  Hunger
a - Freeze                Ice            ##..         8%          1    #......
b - Throw Frost           Conj/Ice       #.....       21%         2    ###....
c - Ozocubu's Armour      Chrm/Ice       #.......     36%         3    ###....

Your spell library contained the following spells:

 Spells                   Type           Power        Failure   Level  Hunger
 Throw Icicle             Conj/Ice       #.......     80%         4    #####..
 Summon Ice Beast         Ice/Summ       #.......     83%         4    #####..


Dungeon Overview and Level Annotations

Branches:
Dungeon (3/15)

Altars:
Yredelemnul
Zin


Message History

Press: ? - help, Shift-Dir - straight line, f/p - orc
Aim: an orc, wielding a +0 club and wearing a +0 ring mail You miscast Throw Frost.
You are very lightly contaminated with residual magic.
You smell something strange.
The orc hits you but does no damage. The goblin closely misses you.
The orc priest mumbles some strange prayers to Beogh against you.
Beogh smites you!
You hit the orc.
The orc is almost dead.
The orc misses you.
The orc priest invokes the aid of Beogh against you.
Beogh smites you!
You hit the orc.
You kill the orc!
Yredelemnul accepts your kill.
The orc priest calls down the wrath of Beogh upon you.
Beogh smites you!
You die...
Your body rises from the dead as a mindless zombie.

......#.#...#
............# .
........#...#...
#####........... .
#.#g#...... ..
#####o#o#....##...
.......go........
#####.#o#.......
#.#@#...###
#..)....# ..
#.#<#...###...#
#.#.#.........#
#.[[##......#..
#.#.##.######
#.#.####
##.#######.#.#
.......(..(..#


You could see an orc priest, 3 orcs and 2 goblins.

Vanquished Creatures
  4 adders (D:2)
  A worm (D:2)
  A dart slug (D:1)
  2 leopard geckos (D:1)
  6 orcs
  2 giant cockroaches (D:1)
  3 hobgoblins (D:1)
  2 ball pythons
  5 bats
  2 frilled lizards
  8 goblins
  4 kobolds
  5 rats
  A spectral orc (D:2)
46 creatures vanquished.

Notes
Turn   | Place    | Note
-------+----------+-------------------------------------------
     0 | D:1      | Martska the Merfolk Ice Elementalist began the quest for
                  | the Orb.
     0 | D:1      | Reached XP level 1. HP: 13/13 MP: 3/3
    94 | D:1      | Reached XP level 2. HP: 8/20 MP: 0/5
   516 | D:1      | Reached skill level 1 in Fighting
   834 | D:1      | Learned a level 2 spell: Throw Frost
   835 | D:1      | Reached XP level 3. HP: 21/26 MP: 0/6
  1892 | D:2      | Learned a level 3 spell: Ozocubu's Armour
  1998 | D:2      | Found a glowing silver altar of Zin.
  1998 | D:2      | Noticed an angel
  2121 | D:2      | Reached XP level 4. HP: 17/33 MP: 1/7
  3056 | D:3      | Reached skill level 1 in Charms
  3461 | D:2      | Found a basalt altar of Yredelemnul.
  3473 | D:2      | Became a worshipper of Yredelemnul the Dark
  3628 | D:3      | Killed from afar by an orc priest

Skill      XL: |  1  2  3  4 |
---------------+-------------+-----
Dodging        | 3 |  3.8
Fighting       | 1 2 |  2.0
Charms         | 1 |  1.2
Stealth        | |  2.9
Spellcasting   | |  2.4
Conjurations   | |  0.7
Ice Magic      | |  3.6

Action                   |  1- 3 |  4- 6 || total
-------------------------+-------+-------++-------
Melee: Club              |    62 |    17 ||    79
 Cast: Freeze            |    31 |    16 ||    47
       Throw Frost       |    14 |    10 ||    24
 Stab: Sleeping          |     3 |     1 ||     4
  Eat: Ration            |     2 |     1 ||     3
Armor: Robe              |    11 |     3 ||    14
       Leather armour    |       |     1 ||     1
Dodge: Dodged            |   100 |    23 ||   123
